 Dungeon Sprint DCSS version 0.31-a0-716-gc7603755dd (webtiles) character file.

Game seed: 11425584953025108888

24 browni3141 the Shield-Bearer (level 2, -14/31 HPs)
             Began as a Troll Fighter on Sept 10, 2023.
             Demolished by an ogre
             ... wielding a +0 giant club
              (25 damage)
             ... in the Dungeon (Sprint I: "Red Sonja").
             The game lasted 00:00:26 (140 turns).

browni3141 the Shield-Bearer (Troll Fighter)         Turns: 140, Time: 00:00:27

Health: -14/31     AC:  4    Str: 23    XL:     2   Next: 79%
Magic:  1/1        EV:  9    Int:  4    God:
Gold:   0          SH:  8    Dex:  9    Spells: 1/1 levels left

rFire   . .          .
                       - Unarmed
rCold   . . .        b - +0 kite shield
rNeg    . . .        a - +0 robe
rPois   .            (helmet restricted)
rElec   .            (no cloak)
rCorr   .            (gloves unavailable)
SInv    .            (boots unavailable)
Will    .....        (no amulet)
Stlth   +            (no ring)
HPRegen 1.05/turn    (no ring)
MPRegen 0.07/turn

%: no teleportation
@: no status effects
A: large, unfitting armour, claws 3, regeneration 1, shaggy fur 1, tough skin 1
a: no special abilities


You were in the Dungeon.
You visited 1 branch

Inventory:

Armour
 a - a +0 robe (worn)
 b - a +0 kite shield (worn)
Wands
 j - a wand of flame (20)
Scrolls
 i - a scroll of blinking
Potions
 c - a potion of might
 d - a potion of curing
 e - a potion of heal wounds
 f - a potion of haste
 g - 2 potions of magic
 h - a potion of berserk rage


   Skills:
 + Level 3.3 Fighting
 + Level 3.3 Dodging
 + Level 3.7 Shields
 * Level 3.4 Unarmed Combat
 + Level 0.0 Evocations


You had one spell level left.
You didn't know any spells.
Your spell library was empty.

Dungeon Overview and Level Annotations

Branches:
Dungeon (1/1)

Altars:


Innate Abilities, Weirdness & Mutations

You are too large for most types of armour.
You have claws for hands.
Your natural rate of healing is unusually fast.
You are covered in fur. (AC +1)
You have tough skin. (AC +1)


Message History

Ijyb is lightly wounded.
Ijyb hits you with a +0 dagger.
You scratch Ijyb.
Ijyb is moderately wounded.
Ijyb zaps a wand.
You block the puff of flame.
You scratch Ijyb.
Ijyb is heavily wounded.
Ijyb barely misses you.
You closely miss Ijyb.
Ijyb is heavily wounded.
Ijyb zaps a wand.
The puff of flame hits you!
Ijyb zaps a wand.
You block the puff of flame.
You claw Ijyb!
You kill Ijyb!
Your Fighting skill increases to level 3!
Your Dodging skill increases to level 3!
Your Shields skill increases to level 3!
Your Unarmed Combat skill increases to level 3!
You have reached level 2!
j - a wand of flame (20)
Things that are here:
a +0 dagger; a +1 ring mail of poison resistance; the goblin corpse of Ijyb You start resting.
HP restored.
You open the door.
You start waiting.
Done waiting.
An ogre comes into view. It is wielding a +0 giant club.
There is an open door here.
You scratch the ogre but do no damage.
The ogre hits you with a +0 giant club!!
Ouch! That really hurt!
* * * LOW HITPOINT WARNING * * *
You scratch the ogre.
The ogre is lightly wounded.
You scratch the ogre but do no damage.
The ogre is lightly wounded.
The ogre hits you with a +0 giant club!!
Ouch! That really hurt!
You die...

##########
#<.#..@O.#
#..').#..+
#..#####+#
#..# #..#
#..# #⌠⌠#
####


You could see an ogre.

Vanquished Creatures
  Ijyb (D)
1 creature vanquished.

Notes
Turn   | Place    | Note
-------+----------+-------------------------------------------
     0 | D        | browni3141 the Troll Fighter began the quest for the Orb.
     0 | D        | Reached XP level 1. HP: 22/22 MP: 0/0
     1 | D        | Noticed Ijyb
    16 | D        | Killed Ijyb
    17 | D        | Reached XP level 2. HP: 13/31 MP: 1/1
   137 | D        | Noticed an ogre
   140 | D        | Demolished by an ogre

Illustrated notes

Levels and vault maps discovered:
D:        dungeon_sprint_1 [red_sonja_temple_1, red_sonja_temple_small_1]

Skill      XL: |  1 |
---------------+----+-----
Fighting       | 3 |  3.3
Dodging        | 3 |  3.3
Shields        | 3 |  3.7
Unarmed Combat | 3 |  3.4

Action                     || total
---------------------------++-------
  Melee: Unarmed           ||    17
 Armour: Robe              ||    11
  Dodge: Dodged            ||     2
  Block: Kite shield       ||     4

Table legend: (Time is in decaauts)
 A = Elapsed time spent in this place.
 B = Non-inter-level travel time spent in this place.
 C = Inter-level travel time spent in this place.
 D = Time resting spent in this place.
 E = Time spent auto-exploring this place.
 F = Levels seen in this place.
 G = Mean time per level.
                   A        B        C        D        E       F      G
               +--------+--------+--------+--------+--------+-----+--------+
         Total |    141 |    141 |      0 |    114 |      0 |   1 |  141.0 |
       Dungeon |    141 |    141 |      0 |    114 |      0 |   1 |  141.0 |
               +--------+--------+--------+--------+--------+-----+--------+

Top non-repeatable levels by time:
       D: 141 daAuts
